 Dungeon Crawl Stone Soup version 0.30.1-11-g7821555f0a (webtiles) character file.

Game seed: 11701348657245766734

7109 groovy9 the Severer (level 10, -5/132 HPs)
             Began as a Minotaur Fighter on Jan 11, 2024.
             Was a Believer of Makhleb.
             Killed by vampiric draining
             ... invoked by a vampire
              (8 damage)
             ... on level 10 of the Dungeon.
             The game lasted 00:22:33 (10336 turns).

groovy9 the Severer (Minotaur Fighter)             Turns: 10336, Time: 00:22:34

Health: -5/132     AC: 25    Str: 23    XL:     10   Next: 85%
Magic:  11/11      EV:  2    Int:  9    God:    Makhleb [**....]
Gold:   843        SH:  0    Dex: 10    Spells: 9/9 levels left

rFire   + . .        a - +0 hand axe
rCold   . . .        (no shield)
rNeg    . . .        s - melded +0 plate armour
rPois   +            (helmet currently unavailable)
rElec   .            (cloak currently unavailable)
rCorr   .            (gloves currently unavailable)
SInv    .            (boots currently unavailable)
Will    .....        g - amulet of the acrobat
Stlth   +            p - ring of protection from fire
HPRegen 0.42/turn    B - +5 ring of evasion
MPRegen 0.12/turn

%: acrobat
@: tree-form
A: stationary, stasis, torment immunity, boosted hp, (horns 2), (retaliatory
headbutt), (camouflage 1), clever 1, inability to read after injury 1, noise
suppression
a: Renounce Religion, Minor Destruction


You were on level 10 of the Dungeon.
You worshipped Makhleb.
Makhleb was pleased with you.
You were a tree.
You visited 2 branches of the dungeon, and saw 11 of its levels.
You also visited: Ossuary.

You collected 843 gold pieces.

Inventory:

Hand Weapons
 a - a +0 hand axe (weapon)
 G - a +0 battleaxe
Armour
 s - a +0 plate armour (melded)
Jewellery
 c - a +5 ring of evasion
 g - an amulet of the acrobat (around neck)
 p - a ring of protection from fire (left branch)
 B - a +5 ring of evasion (right branch)
 F - a ring of poison resistance
Wands
 i - a wand of iceblast (12)
 o - a wand of flame (58)
 E - a wand of light (6)
Scrolls
 b - 4 scrolls of enchant weapon
 f - 2 scrolls of brand weapon
 j - 4 scrolls of vulnerability
 m - 3 scrolls of magic mapping
 n - a scroll of enchant armour
 r - 9 scrolls of teleportation
 t - 3 scrolls of fog
 u - a scroll of noise
 w - 3 scrolls of fear
 y - a scroll of amnesia {unknown}
 z - a scroll of acquirement {unknown}
 C - 2 scrolls of identify
Potions
 d - 2 potions of might
 e - a potion of magic
 h - 2 potions of curing
 k - 3 potions of brilliance
 l - 2 potions of lignification
 q - 2 potions of resistance
 v - 4 potions of ambrosia
 x - a potion of attraction
 A - 3 potions of haste
 D - a potion of invisibility {unknown}


   Skills:
 + Level 7.9 Fighting
 * Level 15.7 Axes
 + Level 9.9 Armour
 - Level 3.6 Shields
 * Level 2.9 Invocations


You had 9 spell levels left.
You didn't know any spells.
Your spell library was empty.

Dungeon Overview and Level Annotations

Branches:
Dungeon (10/15)            Temple (1/1) D:4         Ossuary (visited)
   Lair: D:8-11         Orc: D:9-12

Altars:
Ashenzari
Cheibriados
Dithmenos
Elyvilon
Fedhas
Gozag
Hepliaklqana
Kikubaaqudgha
Makhleb
Nemelex Xobeh
Okawaru
Qazlal
Ru
Sif Muna
Trog
Uskayaw
Vehumet
Wu Jian
Xom
Yredelemnul
Zin
The Shining One

Shops:
D:5 *

Annotations:
D:5 3 runed translucent doors, turdburglar's ghost, novice TrEE
D:7 2 transporters, MiniGinger's ghost, novice GnWr


Innate Abilities, Weirdness & Mutations

You are a tree.
Your roots penetrate the ground, keeping you stationary.
You cannot be teleported.
You are immune to unholy pain and torment.
Your maximum health is greatly increased.
Your equipment is partially melded.
((You have a pair of horns on your head.))
((You reflexively headbutt those who attack you in melee.))
((Your skin changes colour to match your surroundings (Stealth+).))
Your mind is acute. (Int +4, Str/Dex -1)
You occasionally lose the ability to read scrolls when taking damage.
You passively dampen the noise of your surroundings.


Message History

Nothing quivered!
Nothing quivered!
You are too injured to fight recklessly!
You are too injured to fight recklessly!
You cannot move.
Enter note:
Enter note: Unknown command.
You barely miss something. You miss something.
Something draws life force from you!
* * * LOW HITPOINT WARNING * * *
You slash something! Something hits you but does no damage.
Something bites you.
* * * LOW HITPOINT WARNING * * *
Something draws strength from your injuries!
You hit something but do no damage. You hit something.
Something hits you but does no damage. Something bites you but does no damage.
You hit something. You miss something. Something draws life force from you.
* * * LOW HITPOINT WARNING * * *
You miss something. Something hits you.
* * * LOW HITPOINT WARNING * * *
Something bites you.
* * * LOW HITPOINT WARNING * * *
Something draws strength from your injuries!
You closely miss something. You barely miss something.
You can read scrolls again.
Something hits you but does no damage. Something bites you but does no damage.
You hit something but do no damage. You slash something!
Something hits you but does no damage. Something bites you.
* * * LOW HITPOINT WARNING * * *
Something draws strength from your injuries!
You hit something but do no damage. Something hits you but does no damage.
Something bites you but does no damage.
You closely miss something. You hit something but do no damage.
Something draws life force from you!
You die...

..................
.[................
#######.##.#######
#.##....#
#.##.##.#
#.##.##.#
#.##.##.#
#.##.##.# #.
#.##♣# #.##{# ).
#.# #.# #.# #.#
#.# #.# ..#


There were no monsters in sight!

Vanquished Creatures
  Erica (D:8)
  Amaemon (D:9)
  Pikel (D:7)
  An orange demon (D:9)
  7 yaks
  3 hogs (D:9)
  A human (D:9)
  A steam dragon (D:7)
  2 water moccasins (D:8)
  3 ice beasts
  3 orc warriors
  An ogre (D:4)
  5 centaurs
  4 lemures (D:7)
  A phantom (D:5)
  A bullfrog (D:9)
  2 gnoll sergeants
  5 scorpions
  8 wights
  3 killer bees (D:8)
  2 hounds
  3 jellies
  7 orc priests
  3 sleepcaps
  6 iguanas
  Natasha (thrice) (D:2)
  2 orc wizards (D:8)
  8 mummies (Ossuary)
  16 gnolls
  8 adders
  3 shadow imps
  A white imp (D:5)
  2 ufetubi (D:4)
  A worm (D:3)
  A dart slug (D:2)
  13 orcs
  12 endoplasms
  2 giant cockroaches (D:1)
  9 goblins
  8 hobgoblins
  12 jackals
  2 quokkas
  7 ball pythons
  6 bats
  9 frilled lizards
  A gnoll zombie (Ossuary)
  4 hobgoblin zombies (Ossuary)
  2 kobold zombies (Ossuary)
  An orc zombie (Ossuary)
  6 rats
214 creatures vanquished.

Notes
Turn   | Place    | Note
-------+----------+-------------------------------------------
     0 | D:1      | groovy9 the Minotaur Fighter began the quest for the Orb.
     0 | D:1      | Reached XP level 1. HP: 19/19 MP: 0/0
    86 | D:1      | Reached XP level 2. HP: 27/27 MP: 1/1
   103 | D:1      | Reached skill level 3 in Axes
   474 | D:1      | Reached XP level 3. HP: 33/33 MP: 2/2
   915 | D:2      | Reached skill level 4 in Axes
  1000 | D:2      | Noticed Natasha
  1006 | D:2      | Killed Natasha
  1007 | D:2      | Reached XP level 4. HP: 35/40 MP: 3/3
  1286 | D:2      | Noticed Natasha
  1294 | D:2      | Killed Natasha
  1295 | D:2      | Reached skill level 5 in Axes
  1406 | D:2      | Noticed Natasha
  1412 | D:2      | Killed Natasha
  1413 | D:2      | Reached XP level 5. HP: 44/47 MP: 4/4
  1665 | D:3      | Reached skill level 6 in Axes
  1871 | D:3      | Found a basalt altar of Yredelemnul.
  2449 | D:4      | Gained mutation: You occasionally lose the ability to read
                  | scrolls when taking damage. [potion of mutation]
  2449 | D:4      | Gained mutation: You have hidden genetic potential. [potion
                  | of mutation]
  2449 | D:4      | Gained mutation: Your mind is acute. (Int +4, Str/Dex -1)
                  | [potion of mutation]
  2509 | D:4      | Found a staircase to the Ecumenical Temple.
  2523 | Temple   | Entered the Ecumenical Temple
  2959 | D:4      | Noticed an ogre
  2965 | D:4      | Killed an ogre
  2966 | D:4      | Reached skill level 7 in Axes
  2966 | D:4      | Reached XP level 6. HP: 41/53 MP: 5/5
  2995 | D:4      | Gained mutation: Your skin changes colour to match your
                  | surroundings (Stealth+). [hidden potential]
  3389 | D:5      | Entered Level 5 of the Dungeon
  3747 | D:5      | Reached skill level 5 in Armour
  3747 | D:5      | Reached XP level 7. HP: 60/60 MP: 6/6
  3757 | D:5      | Reached skill level 5 in Fighting
  3757 | D:5      | Reached skill level 8 in Axes
  3802 | D:5      | Found a runed translucent gate.
  3835 | D:5      | Gained mutation: You passively dampen the noise of your
                  | surroundings. [hidden potential]
  3835 | D:5      | Lost mutation: You have hidden genetic potential. [hidden
                  | potential expressed]
  3968 | D:5      | Found a runed translucent gate.
  3968 | D:5      | Found a runed translucent gate.
  4021 | D:5      | Noticed turdburglar's ghost (novice TrEE)
  4213 | D:5      | Found Woeh's Overcharged Wands.
  4535 | D:5      | Reached skill level 9 in Axes
  5098 | D:6      | Reached XP level 8. HP: 69/69 MP: 7/7
  5124 | D:6      | Identified the +1 robe of Spring Thaw {rF+ rN+ Dex-5 SInv}
  5210 | D:6      | Reached skill level 10 in Axes
  5698 | D:6      | Found a sand-covered staircase.
  5706 | Ossuary  | Entered an ossuary
  6101 | D:6      | Found a white marble altar of Elyvilon.
  6101 | D:6      | Found a burning altar of Makhleb.
  6106 | D:6      | Found a faded altar of an unknown god.
  6109 | D:6      | Became a worshipper of Makhleb the Destroyer
  6113 | D:6      | Found a faded altar of an unknown god.
  6115 | D:6      | Found a sparkling altar of Nemelex Xobeh.
  6370 | D:7      | Reached skill level 11 in Axes
  6461 | D:7      | Noticed Pikel
  6488 | D:7      | Killed Pikel
  6489 | D:7      | Reached XP level 9. HP: 21/78 MP: 8/8
  6621 | D:7      | Reached skill level 12 in Axes
  6794 | D:7      | Identified the +1 great mace "Weque" {elec, rN+ Will+
                  | Str+3}
  6794 | D:7      | Noticed a two-headed ogre
  6795 | D:7      | Noticed MiniGinger's ghost (novice GnWr)
  6796 | D:7      | Found a transporter.
  6809 | D:7      | Found a transporter.
  7509 | D:8      | Reached skill level 13 in Axes
  7701 | D:8      | Reached * piety under Makhleb
  7783 | D:8      | Noticed Erica
  7790 | D:8      | Killed Erica
  7977 | D:8      | Reached skill level 14 in Axes
  7983 | D:8      | Reached XP level 10. HP: 59/86 MP: 9/9
  8991 | D:9      | Noticed an orange demon
  8991 | D:9      | Noticed Amaemon
  9012 | D:9      | Killed an orange demon
  9125 | D:9      | Reached skill level 1 in Invocations
  9256 | D:9      | Killed Amaemon
  9535 | D:9      | Reached skill level 15 in Axes
  9541 | D:9      | Reached ** piety under Makhleb
 10120 | D:10     | Entered Level 10 of the Dungeon
 10329 | D:10     | HP: 5/132 [something (5)]
 10336 | D:10     | Killed from afar by a vampire

Illustrated notes

Levels and vault maps discovered:
D:1:      scummos_arrival_star, layout_basic
D:2:      layout_basic, uniq_natasha
D:3:      layout_loops_ring, mainiacjoe_overflow_tiny_flanked,
          minmay_lizard_king
D:4:      layout_loops_ring, minmay_temple_entry_offerings
D:5:      layout_layer_cave, gammafunk_ghost_split, grunt_ministairs_3,
          nicolae_shop_overcharged_wands
D:6:      layout_loops_corners, chequers_temple_overflow_minitemple,
          nicolae_ossuary_entry_ruins
D:7:      layout_basic, gammafunk_ghost_smash, grunt_decor_cap, abandoned_shop,
          uniq_pikel
D:8:      layout_basic, uniq_erica
D:9:      layout_grid_maze, grunt_livestock, uniq_amaemon
D:10:     layout_loops_ring, dpeg_lair_monsters
Temple:   nicolae_temple_bog_church

Skill      XL: |  1  2  3  4  5  6  7  8  9 10 |
---------------+-------------------------------+-----
Axes           | 3 4 5 7 9 11 14 15 | 15.7
Fighting       | 4 5 6 7 |  7.9
Armour         | 4 5 6 7 8 9 |  9.9
Invocations    | 2 |  2.9
Shields        | |  3.6

Action                     |  1- 3 |  4- 6 |  7- 9 | 10-12 || total
---------------------------+-------+-------+-------+-------++-------
  Melee: War axe           |    63 |   134 |   279 |    69 ||   545
         Headbutt          |     4 |    23 |    49 |    35 ||   111
         Hand axe          |       |       |       |    81 ||    81
         Battleaxe         |       |       |       |    11 ||    11
         Punch             |       |       |       |     1 ||     1
    Use: Scroll            |       |    11 |     2 |       ||    13
         Potion            |       |     7 |     6 |     2 ||    15
   Stab: Distracted        |       |       |     1 |       ||     1
 Armour: Scale mail        |    12 |       |       |       ||    12
         Chain mail        |    10 |    74 |       |       ||    84
         Plate armour      |       |     7 |   115 |    62 ||   184
         Skin              |       |       |       |     8 ||     8
  Dodge: Dodged            |    52 |    77 |    98 |    66 ||   293
  Block: Buckler           |    19 |    19 |    50 |    10 ||    98
